 Dungeon Crawl Stone Soup version 0.20.0-10-g0535bb4 (webtiles) character file.

195 nikopol the Shooter (level 5, -7/42 HPs)
             Began as a Centaur Hunter on June 4, 2017.
             Killed from afar by Sigmund (10 damage)
             ... with a puff of flame
             ... on level 4 of the Dungeon.
             The game lasted 00:08:00 (3710 turns).

nikopol the Shooter (Centaur Hunter)                Turns: 3710, Time: 00:08:00

Health: -7/42      AC:  4    Str: 15    XL:     5   Next: 45%
Magic:  5/5        EV:  9    Int: 10    God:
Gold:   148        SH:  0    Dex: 10    Spells: 4/4 levels left

rFire    . . .     SeeInvis .   z - +1 shortbow
rCold    . . .     Gourm    .   (shield currently unavailable)
rNeg     . . .     Faith    .   c - +0 leather armour
rPois    .         Spirit   .   (no helmet)
rElec    .         Reflect  .   (no cloak)
rCorr    .         Harm     .   (no gloves)
MR       .....                  (no barding)
Stlth    +.........             (no amulet)
Regen    0.2/turn               (no ring)
MPRegen  0.1/turn               (no ring)

@: very quick
A: hooves 3, deformed body, speed 2, tough skin 3
a: no special abilities


You were on level 4 of the Dungeon.
You were very hungry.

You visited 1 branch of the dungeon, and saw 4 of its levels.

You collected 148 gold pieces.

Inventory:

Hand Weapons
 a - a +0 short sword
 z - a +1 shortbow (weapon)
Missiles
 d - 5 arrows (quivered)
Armour
 c - a +0 leather armour (worn)
Jewellery
 l - a +3 amulet of reflection {unknown}
 q - an uncursed ring of positive energy {unknown}
Scrolls
 b - a scroll of enchant weapon {unknown}
 e - a scroll of amnesia {unknown}
 i - a scroll of enchant armour {unknown}
 k - 3 scrolls of teleportation {unknown}
 m - a scroll of random uselessness {unknown}
 n - 3 scrolls of identify {unknown}
 v - a scroll of magic mapping {unknown}
 x - 2 scrolls of fear {unknown}
Potions
 g - a potion of heal wounds {unknown}
 h - 5 potions of curing {unknown}
 j - a potion of haste {unknown}
 p - a potion of agility {unknown}
 r - 2 potions of degeneration {unknown}
 u - a potion of brilliance {unknown}
 w - a potion of invisibility {unknown}
Comestibles
 f - 4 bread rations
 s - a royal jelly
 t - 2 meat rations


   Skills:
 + Level 2.5 Fighting
 + Level 1.0 Short Blades
 + Level 7.7 Bows
 + Level 1.2 Armour
 + Level 1.5 Dodging
 + Level 0.6 Stealth


You had 4 spell levels left.
You didn't know any spells.

Dungeon Overview and Level Annotations

Branches:
Dungeon (4/15)
 Temple: D:4-7

Altars:
Hepliaklqana

Annotations:
D:4 Sigmund


Innate Abilities, Weirdness & Mutations

You have hooves in place of feet.
Armour fits poorly on your strangely shaped body.
You cover ground very quickly.
You have extremely tough skin. (AC +3)


Message History

You shoot an arrow. Something hits you!
* * * LOW HITPOINT WARNING * * *
Firing (i - inventory):
d - 6 arrows (quivered)
Press: ? - help, Shift-Dir - straight line, f/p - gnoll
Aim: a gnoll, wielding a flail (almost dead)
You shoot an arrow.
There is an open door here.
You're too confused to move!
You hear some strange, mumbled words.
Something tries to affect you, but you resist.
You bump into the rock wall.
You hear some strange, mumbled words.
Something tries to affect you, but you resist.
You feel less confused. Something hits you.
* * * LOW HITPOINT WARNING * * *
There is an open door here.
A puff of flame appears from out of thin air!
The puff of flame hits you!
You die...

#.# #.# #g# #. #g#
#. #{# #. #(# #.
#.# #######.
#######'###
........
#......@..#
........
#.........#
........
#.........#
######'
#>........# #.
#....(....# ####.
#.........# #....
#.........########
#....
#................#
#....
#.........######.#
#....


You could see a gnoll and a hobgoblin.

Vanquished Creatures
  2 gnolls (D:4)
  5 adders
  3 oozes
  6 worms
  4 dart slugs
  A leopard gecko (D:2)
  4 orcs (D:3)
  3 ball pythons
  9 bats
  4 giant cockroaches
  11 goblins
  10 hobgoblins
  4 jackals
  2 quokkas (D:2)
  5 frilled lizards
  8 kobolds
  9 rats
90 creatures vanquished.

Notes
Turn   | Place    | Note
-------+----------+-------------------------------------------
     0 | D:1      | nikopol the Centaur Hunter began the quest for the Orb.
     0 | D:1      | Reached XP level 1. HP: 17/17 MP: 1/1
   120 | D:1      | Reached XP level 2. HP: 12/24 MP: 2/2
   139 | D:1      | Reached skill level 6 in Bows
   581 | D:1      | Reached XP level 3. HP: 29/29 MP: 3/3
  1560 | D:2      | Reached XP level 4. HP: 8/36 MP: 4/4
  1811 | D:2      | Found a hazy altar of Hepliaklqana.
  1866 | D:2      | Reached skill level 1 in Armour
  2027 | D:2      | Reached skill level 7 in Bows
  2191 | D:3      | Reached skill level 1 in Short Blades
  2461 | D:3      | Reached XP level 5. HP: 41/41 MP: 5/5
  3658 | D:4      | Noticed Sigmund
  3710 | D:4      | Killed from afar by Sigmund

Skill      XL: |  1  2  3  4 |
---------------+-------------+-----
Bows           | 6 7 |  7.7
Armour         | 1 |  1.2
Short Blades   | 1 |  1.0
Fighting       | |  2.5
Dodging        | |  1.5
Stealth        | |  0.6

Action                   |  1- 3 |  4- 6 || total
-------------------------+-------+-------++-------
Melee: Short sword       |    46 |     8 ||    54
       Kick              |    10 |       ||    10
 Fire: Shortbow          |    80 |   134 ||   214
  Eat: Chunk             |     1 |     4 ||     5
Armor: Leather armour    |    16 |     4 ||    20
Dodge: Dodged            |    20 |     8 ||    28
